 Dungeon Crawl Stone Soup version 0.18.1-6-gd335043 (webtiles) character file.

29 jacquesderrida the Charmwright (level 3, 27/27 HPs)
             Began as a Demonspawn Skald on May 19, 2016.
             Quit the game on level 2 of the Dungeon.
             The game lasted 00:01:41 (334 turns).

jacquesderrida the Charmwright (Demonspawn Skald)    Turns: 334, Time: 00:01:42

Health: 27/27      AC:  3    Str: 12    XL:     3   Next: 1%
Magic:  4/6        EV: 11    Int: 13    God:
Gold:   52         SH:  0    Dex: 13    Spells: 1 memorised, 5 levels left

rFire  . . .     SeeInvis .     a - +0 spear
rCold  . . .     Gourm    .     b - +0 leather armour
rNeg   . . .     Faith    .     (no shield)
rPois  .         Spirit   .     (no helmet)
rElec  .         Dismiss  .     (no cloak)
rCorr  .         Reflect  .     (no gloves)
SustAt .         Harm     .     (no boots)
MR     .....                    (no amulet)
Stlth  +.........               (no ring)
                                (no ring)

@: not resistant to hostile enchantments, very unstealthy
A: claws 1, powered by death 1
a: no special abilities


You were on level 2 of the Dungeon.
You were not hungry.

You visited 1 branch of the dungeon, and saw 2 of its levels.

You collected 52 gold pieces.

Inventory:

Hand Weapons
 a - a +0 spear (weapon)
Armour
 b - a +0 leather armour (worn)
Scrolls
 f - a scroll of magic mapping {unknown}
 g - a scroll of enchant weapon {unknown}
 i - a scroll of random uselessness {unknown}
 j - 2 scrolls of remove curse {unknown}
 o - a scroll of recharging {unknown}
 p - a scroll of noise {unknown}
Potions
 e - a potion of curing {unknown}
 k - a potion of ambrosia {unknown}
 l - 2 potions of heal wounds {unknown}
 m - a potion of might {unknown}
 n - a potion of flight {unknown}
Books
 c - a book of Battle

   Spells                             Type                      Level
   a - Infusion                       Charms                       1
   b - Shroud of Golubria             Charms/Translocation         2
   c - Song of Slaying                Charms                       2
   d - Spectral Weapon                Hexes/Charms                 3
   e - Regeneration                   Charms/Necromancy            3
Comestibles
 d - 2 bread rations
 h - 3 fruits


   Skills:
 - Level 2.1 Fighting
 + Level 2.7 Polearms
 - Level 0.8 Armour
 - Level 0.8 Dodging
 - Level 2.1 Spellcasting
 - Level 2.9 Charms


You had 5 spell levels left.
You knew the following spells:

 Your Spells              Type           Power        Failure   Level  Hunger
a - Infusion              Chrm           #...         12%         1    ##.....


Dungeon Overview and Level Annotations

Branches:
Dungeon (2/15)

Altars:


Innate Abilities, Weirdness & Mutations

You have sharp fingernails.
You regenerate a little health from kills.


Message History

The jackal barks!
A jackal comes into view.
You hit the jackal.
You kill the jackal!
Attack whom?
Press: ? - help, Dir - move target cursor, f - jackal
Aim: a jackal You reach to attack!
You hit the jackal.
The jackal is almost dead.
The jackal bites you but does no damage.
You hit the jackal.
You kill the jackal!
You have reached level 3!
Your experience leads to an increase in your attributes!
Increase (S)trength, (I)ntelligence, or (D)exterity?
You feel agile.
You feel monstrous as your demonic heritage exerts itself.
Your demonic ancestry asserts itself...
Your fingernails lengthen.
Are you sure you want to abandon this character and quit the game? (Confirm with "yes".)

...##........#
...........###
#####......# #......#
#......# #......# #......#
.. #......# #. #.....@#
###. ####...)(†#### ...
#............# ..
#......#.....# .
#......#.....#############
#......#..................
#......#..................
#......######.......[.....
#......# #.............


There were no monsters in sight!

Vanquished Creatures
  An ooze (D:2)
  2 dart slugs (D:2)
  A ball python (D:1)
  2 giant cockroaches
  2 goblins (D:1)
  2 hobgoblins
  2 jackals (D:2)
  A quokka (D:2)
  3 giant newts
  2 kobolds
  A rat (D:1)
19 creatures vanquished.

Notes
Turn   | Place    | Note
--------------------------------------------------------------
     0 | D:1      | jacquesderrida the Demonspawn Skald began the quest for the Orb.
     0 | D:1      | Reached XP level 1. HP: 16/16 MP: 3/3
    87 | D:1      | Gained mutation: You regenerate a little health from kills. [demonic ancestry]
    87 | D:1      | Reached XP level 2. HP: 12/22 MP: 5/5
   333 | D:2      | Gained mutation: You have sharp fingernails. [demonic ancestry]
   333 | D:2      | Reached XP level 3. HP: 27/27 MP: 4/6
   334 | D:2      | Quit the game

Skill      XL: |  1 |
---------------+----+-----
Polearms       | 2 |  2.7
Fighting       | |  2.1
Armour         | |  0.8
Dodging        | |  0.8
Spellcasting   | |  2.1
Charms         | |  2.9

Action                   || total
-------------------------++-------
Melee: Spear             ||    68
 Cast: Infusion          ||     2
Armor: Leather armour    ||    12
Dodge: Dodged            ||    25
